 Dungeon Crawl Stone Soup version 0.22.1-2-g9c5b331 (webtiles) character file.

14 voilodion the Magician (level 2, -1/19 HPs)
             Began as a Mummy Ice Elementalist on Dec 2, 2018.
             Slain by a worm (11 damage)
             ... on level 2 of the Dungeon.
             The game lasted 00:06:13 (1235 turns).

voilodion the Magician (Mummy Ice Elementalist)     Turns: 1235, Time: 00:06:14

Health: -1/19      AC:  2    Str: 11    XL:     2   Next: 27%
Magic:  0/6        EV: 12    Int: 14    God:
Gold:   32         SH:  0    Dex: 12    Spells: 4/7 levels left

rFire    x . .     SeeInvis .   b - +0 short sword
rCold    + . .     Gourm    .   (no shield)
rNeg     + + +     Faith    .   a - +0 robe
rPois    ∞         Spirit   .   (no helmet)
rElec    .         Reflect  .   (no cloak)
rCorr    .         Harm     .   (no gloves)
MR       .....                  (no boots)
Stlth    ++........             (no amulet)
HPRegen  0.06/turn              (no ring)
MPRegen  0.10/turn              (no ring)

@: no status effects
A: no food or potions, fire vulnerability, cold resistance 1, negative energy
resistance 3, torment resistance, unbreathing
a: no special abilities


You were on level 2 of the Dungeon.
You were not hungry.

You visited 1 branch of the dungeon, and saw 2 of its levels.

You collected 32 gold pieces.

Inventory:

Hand Weapons
 b - a +0 short sword (weapon)
 d - a +0 dagger
Armour
 a - a +0 robe (worn)
Scrolls
 f - a scroll of random uselessness {unknown}
Potions
 e - a potion of agility {unknown}
 g - 2 potions of flight {unknown}
 h - a potion of curing {unknown}
Comestibles
 c - a ration


   Skills:
 + Level 1.6 Dodging
 + Level 1.9 Stealth
 + Level 3.0 Spellcasting
 + Level 0.7 Conjurations
 + Level 2.7 Ice Magic


You had 4 spell levels left.
You knew the following spells:

 Your Spells              Type           Power        Failure   Level  Hunger
a - Freeze                Ice            #...         7%          1    N/A
b - Throw Frost           Conj/Ice       #.....       16%         2    N/A

Your spell library contained the following spells:

 Spells                   Type           Power        Failure   Level  Hunger
 Ozocubu's Armour         Chrm/Ice       #.......     36%         3    N/A
 Throw Icicle             Conj/Ice       #.......     71%         4    N/A
 Summon Ice Beast         Ice/Summ       #.......     77%         4    N/A

Dungeon Overview and Level Annotations

Branches:
Dungeon (2/15)

Altars:
Qazlal


Innate Abilities, Weirdness & Mutations

You do not eat or drink.
Your flesh is vulnerable to fire.
You are immune to poison.
Your flesh is cold resistant. (rC+)
You are immune to negative energy. (rN+++)
You are immune to unholy pain and torment.
You can survive without breathing.


Message History

Firing (i - inventory) No suitable missiles.
Press: ? - help, Shift-Dir - straight line, f/p - worm
Aim: a worm (lightly wounded)
Okay, then.
Casting: Freeze (safe; 7% risk of failure)
Confirm with . or Enter, or press ? or * to list all spells.
You don't have enough magic to cast that spell.
You hit the worm but do no damage.
The worm is lightly wounded.
The worm completely misses you.
You hit the worm.
The worm is lightly wounded.
You hit the worm.
The worm is moderately wounded.
The worm closely misses you.
You hit the worm.
The worm is moderately wounded.
The worm bites you!
Ouch! That really hurt!
You die...

##. ... ## ###(###
... ##.....## #
...#.......#.##
###.#.......#..#
........_......#
##.#.......#..#
..#.†.@...#
#####.##..w..##
......####.####..#
#.####.............#
.....>...####.###..#
.#.........#.##
###.##........#
#.....<...#.#.#
#.#.#.......#.#


You could see a worm.

Vanquished Creatures
  A worm (D:2)
  2 bats
  A giant cockroach (D:1)
  A hobgoblin (D:2)
  3 kobolds (D:1)
  4 rats (D:1)
12 creatures vanquished.

Notes
Turn   | Place    | Note
-------+----------+-------------------------------------------
     0 | D:1      | voilodion the Mummy Ice Elementalist began the quest for
                  | the Orb.
     0 | D:1      | Reached XP level 1. HP: 13/13 MP: 4/4
  1190 | D:2      | Reached XP level 2. HP: 18/19 MP: 2/5
  1205 | D:2      | Found a stormy altar of Qazlal.
  1208 | D:2      | Reached skill level 3 in Spellcasting
  1231 | D:2      | Learned a level 2 spell: Throw Frost
  1235 | D:2      | Slain by a worm

Skill      XL: |  1  2 |
---------------+-------+-----
Spellcasting   | 3 |  3.0
Dodging        | |  1.6
Stealth        | |  1.9
Conjurations   | |  0.7
Ice Magic      | |  2.7

Action                   || total
-------------------------++-------
Melee: Short sword       ||    12
 Cast: Freeze            ||    21
Armor: Robe              ||     1
Dodge: Dodged            ||    15
